Match 39262250
Unlisted

Match 39262250
End
Construct Infanterie Kompanie
MG 42 Machine Gun Team
Grenadier Squad
Grenadier Squad
GrW 34 Mortar Team
Construct Luftwaffe Kompanie
Construct Panzergrenadier Kompanie
Luftwaffe Officer Quarters
Construct Panzer Kompanie
Pak 40 Anti-tank Gun Team
Stoßtruppen Squad
Panzer IV Medium Tank
Jäger Squad
Support Elements
Nebelwerfer 42 Rocket Launcher Team
Pioneer Squad
Medical Station
Selects Luftwaffe Battlegroup
Selects Reconnaissance Run
Selects Fallschirmjäger Squad Paradrop
Selects Luftwaffe Pioneer Support
Selects Flak 38 Anti-Air Emplacement
Selects Flak 36 Anti-tank Gun Emplacement
Fallschirmpioneer Squad Paradrop
Panzer IV Medium Tank
Panzer IV Medium Tank
Selects Stuka Loiter
Stuka Loiter
Jäger Squad
Reconnaissance Run
Stuka Loiter
Panzer IV Medium Tank
Panzer IV Medium Tank
Panzer IV Medium Tank
Marge Jacqueline Simpson
武统台湾
蓝木
Loki
TavernelloIndustries®
北洋水师
Mael Radec
Kim Jung-Un
0
0

Comments sign in to comment!

No comments posted yet!